 Dungeon Crawl Stone Soup version 0.30-a0-870-gc5d4c5acee (webtiles) character file.

Game seed: 1262872820641163931

5168 oldriver the Cleaver (level 10, -3/99 HPs)
             Began as a Gargoyle Fighter on Mar 11, 2023.
             Was an Initiate of the Shining One.
             Slain by an orc warlord
             ... wielding a +3 battleaxe
              (19 damage)
             ... in a bailey.
             The game lasted 00:13:28 (7440 turns).

oldriver the Cleaver (Gargoyle Fighter)             Turns: 7440, Time: 00:13:28

Health: -3/99      AC: 23    Str: 31    XL:     10   Next: 59%
Magic:  12/12      EV:  7    Int:  8    God:    the Shining One [......]
Gold:   345        SH:  4    Dex:  9    Spells: 9/9 levels left

rFire   . . .      SeeInvis .    a - +1 war axe
rCold   . . .      Faith    .    c - +0 buckler
rNeg    + + .      Spirit   .    h - +0 plate armour
rPois   ∞          Reflect  .    e - +1 helmet
rElec   +          Rampage  .    (no cloak)
rCorr   .                        (no gloves)
Will    .....                    G - +0 pair of boots Stlth
                                 (no amulet)
HPRegen 0.36/turn                u - +6 ring of strength
MPRegen 0.13/turn                C - ring of positive energy

@: mighty, berserking (expiring), hasted, glowing, very quick
A: sickness immunity, AC +7, negative energy resistance 1, electricity
resistance, torment resistance 1, petrification resistance
a: Renounce Religion


You were in a bailey.
You worshipped the Shining One.
The Shining One was noncommittal.
You visited 2 branches of the dungeon, and saw 9 of its levels.
You also visited: Sewer and Bailey.

You collected 345 gold pieces.

Inventory:

Hand Weapons
 a - a +1 war axe (weapon)
Missiles
 y - 2 boomerangs (quivered)
Armour
 c - a +0 buckler (worn)
 e - a +1 helmet (worn)
 h - a +0 plate armour (worn)
 B - +0 steam dragon scales
 G - a +0 pair of boots (worn)
Jewellery
 m - a ring of fire
 r - a ring of fire
 u - a +6 ring of strength (left hand)
 C - a ring of positive energy (right hand)
Scrolls
 l - 3 scrolls of teleportation
 o - 2 scrolls of fear
 p - a scroll of amnesia
 v - 2 scrolls of fog
 A - a scroll of vulnerability {unknown}
 D - a scroll of poison
 E - a scroll of silence {unknown}
Potions
 d - a potion of might
 f - 4 potions of magic
 g - 6 potions of haste
 j - 2 potions of heal wounds
 k - a potion of berserk rage
 q - 2 potions of lignification
 s - 2 potions of mutation
 w - 5 potions of curing
 x - a potion of experience {unknown}
 z - 3 potions of cancellation {unknown}


   Skills:
 + Level 9.5 Fighting
 * Level 10.8 Axes
 + Level 0.9 Throwing
 + Level 5.9 Armour
 - Level 4.0 Shields
 + Level 3.1 Invocations


You had 9 spell levels left.
You didn't know any spells.
Your spell library contained the following spells:

 Spells                   Type           Power      Damage    Failure   Level
 Static Discharge         Conj/Air       0%         2-2/arc   100%        2
 Gell's Gravitas          Tloc           0%         N/A       100%        3
 Teleport Other           Tloc           0%         N/A       100%        3
 Tukima's Dance           Hex            0%         N/A       100%        3
 Vhi's Electric Charge    Tloc/Air       0%         N/A       100%        3
 Passage of Golubria      Tloc           0%         N/A       100%        4
 Arcjolt                  Conj/Air       0%         1d10      100%        5
 Lightning Bolt           Conj/Air       0%         1d11      100%        5
 Yara's Violent Unravell  Hex/Tmut       0%         3d3       100%        5
 Dispersal                Tloc           0%         N/A       100%        6


Dungeon Overview and Level Annotations

Branches:
Dungeon (8/15)             Temple (1/1) D:7           Sewer (visited)
 Bailey (1/1)
   Lair: D:8-11

Altars:
Ashenzari
Cheibriados
Dithmenos
Elyvilon
Fedhas
Gozag
Hepliaklqana
Kikubaaqudgha
Makhleb
Nemelex Xobeh
Qazlal
Ru
Sif Muna
Trog
Uskayaw
Vehumet
Wu Jian
Yredelemnul
Zin
The Shining One

Shops:
D:2 !

Annotations:
D:3 2 transporters, 1 runed translucent door, Crazy Yiuf; hgbash's ghost, amateur DEEE


Innate Abilities, Weirdness & Mutations

You are immune to sickness and miasma.
Your stone body is resilient. (AC +7)
You are immune to poison.
You resist negative energy. (rN+)
You are resistant to electric shocks. (rElec)
You are resistant to unholy torment.
You are immune to petrification.


Message History

The orc warlord hits you with a +3 battleaxe!!
You barely miss the orc warlord.
The orc warlord is lightly wounded.
You slash the orc warlord!
The orc warlord is lightly wounded.
The orc warlord hits you with a +3 battleaxe.
You hit the orc warlord.
The orc warlord is lightly wounded.
The orc warlord hits you with a +3 battleaxe.
You hit the orc warlord.
The orc warlord is lightly wounded.
The orc warlord looks more healthy.
You slice the orc warlord!!
The orc warlord is moderately wounded.
The orc warlord hits you with a +3 battleaxe!!
* * * LOW HITPOINT WARNING * * *
You feel much better.
The orc warlord hits you with a +3 battleaxe!!
Okay, then.
You aren't carrying any items that you can evoke.
Unknown command.
A red film seems to cover your vision as you go berserk!
You feel yourself moving faster!
You feel mighty!
You slice the orc warlord!!
The orc warlord is heavily wounded.
The orc warlord hits you with a +3 battleaxe!
* * * LOW HITPOINT WARNING * * *
You barely miss the orc warlord.
The orc warlord is heavily wounded.
You block the orc warlord's attack.
You slice the orc warlord!!
The orc warlord is severely wounded.
You slash the orc warlord!
The orc warlord is almost dead.
The orc warlord hits you with a +3 battleaxe!
* * * LOW HITPOINT WARNING * * *
You slash the orc warlord!
The orc warlord is almost dead.
The orc warlord hits you with a +3 battleaxe!!
You die...

### ### ###.### ###.###
###.....### ###.....###
##.........###.........##
#...........#...........#
#........o@)))..........#
#.....⌠.....#))...⌠.....#
#.....(..)..#.....).....#
#....(......#...........#
###.........###.......).###
###.#)#.....###
###.....#'#.##
###.....###.###
###.###.)... #!........###
###....... #!!........8#
#........


You could see an orc warlord.

Vanquished Creatures
  A two-headed ogre (D:7)
  Joseph (D:7)
  Maggie (D:6)
  9 yaks (D:8)
  A wraith (D:7)
  A sky beast (D:8)
  7 orc warriors
  2 ogres
  5 scorpions
  4 bullfrogs
  A gnoll bouda (D:8)
  4 orc priests
  A sleepcap (D:5)
  5 hounds
  3 jellies
  2 iguanas
  7 orc wizards
  12 gnolls
  13 adders
  2 river rats (Sewer)
  2 shadow imps (D:6)
  A white imp (D:7)
  A worm (D:2)
  2 dart slugs
  25 orcs
  14 endoplasms
  5 giant cockroaches
  20 goblins
  10 hobgoblins
  5 kobolds
  3 quokkas
  13 ball pythons
  6 bats
  9 frilled lizards
  32 rats
230 creatures vanquished.

Notes
Turn   | Place    | Note
-------+----------+-------------------------------------------
     0 | D:1      | oldriver the Gargoyle Fighter began the quest for the Orb.
     0 | D:1      | Reached XP level 1. HP: 14/14 MP: 1/1
    49 | D:1      | Reached skill level 2 in Axes
   102 | D:1      | Reached XP level 2. HP: 19/19 MP: 2/2
   856 | D:2      | Found Ittelig's Distillery.
   868 | D:2      | Reached XP level 3. HP: 24/24 MP: 3/3
   914 | D:2      | Reached skill level 3 in Axes
  1463 | D:2      | Reached XP level 4. HP: 23/29 MP: 4/4
  1632 | D:3      | Found a transporter.
  1633 | D:3      | Noticed hgbash's ghost (amateur DEEE)
  1666 | D:3      | Found a transporter.
  1768 | D:3      | Reached XP level 5. HP: 32/34 MP: 5/5
  1798 | D:3      | Found a runed translucent door.
  1799 | D:3      | Noticed Crazy Yiuf
  1825 | D:3      | Found a faded altar of an unknown god.
  2474 | D:4      | Reached skill level 4 in Axes
  2636 | D:4      | Reached XP level 6. HP: 29/40 MP: 6/6
  3191 | D:4      | Reached skill level 5 in Fighting
  3191 | D:4      | Reached skill level 5 in Axes
  3232 | D:4      | Found a blossoming altar of Fedhas.
  3319 | D:5      | Entered Level 5 of the Dungeon
  3375 | D:5      | Reached XP level 7. HP: 35/44 MP: 7/7
  3452 | D:5      | Reached skill level 6 in Axes
  3538 | D:5      | Found a hide-covered altar of Uskayaw.
  4084 | D:6      | Reached XP level 8. HP: 51/51 MP: 8/8
  4231 | D:6      | Reached skill level 7 in Axes
  4303 | D:6      | Found a glowing drain.
  4308 | Sewer    | Entered a sewer
  5210 | D:6      | Noticed Maggie
  5223 | D:6      | Killed Maggie
  5224 | D:6      | Reached skill level 8 in Axes
  5224 | D:6      | Reached XP level 9. HP: 28/57 MP: 9/9
  5679 | D:7      | Noticed a two-headed ogre
  5689 | D:7      | Killed a two-headed ogre
  5690 | D:7      | Reached skill level 9 in Axes
  5888 | D:7      | Noticed Joseph
  5914 | D:7      | Killed Joseph
  6090 | D:7      | Reached skill level 10 in Axes
  6291 | D:7      | Found a staircase to the Ecumenical Temple.
  6461 | Temple   | Entered the Ecumenical Temple
  6535 | Temple   | Became a worshipper of the Shining One
  6807 | D:8      | Reached XP level 10. HP: 46/66 MP: 10/10
  6815 | D:8      | Reached skill level 5 in Armour
  6815 | D:8      | Reached skill level 1 in Invocations
  6987 | D:8      | Found a flagged portal.
  6998 | Bailey   | Entered a bailey
  7413 | Bailey   | Noticed an orc warlord
  7440 | Bailey   | Slain by an orc warlord

Illustrated notes

Levels and vault maps discovered:
D:1:      mrwooster_arrival_statue, layout_basic
D:2:      layout_loops_ring, serial_shops, nicolae_square_shop, st_stairs_2,
          nicolae_kite_square_tiling_tiny, chequers_serial_rivers_marsh,
          minmay_crystal_water
D:3:      layout_loops_ring, gammafunk_ghost_stat_death,
          ebering_ecumenical_altar_abandoned, hangedman_decor_clover_reticule,
          grunt_decor_mini_mirrors, uniq_crazy_yiuf_cottage
D:4:      layout_cave_pools, lemuel_coloured_pillars_altar
D:5:      nicolae_cairo_tiling, layout_rooms, mainiacjoe_overflow_catwalk,
          chequers_serial_rivers_small_b
D:6:      layout_basic, portal_sewer_entry_e, grunt_decor_resistance,
          uniq_maggie
D:7:      layout_rooms, minmay_temple_entry_fiery, uniq_joseph
D:8:      layout_loops_cross, nicolae_overflow_crystal_walls, enter_bailey_3,
          minivault_27
Temple:   nicolae_temple_bog_church
Bailey:   bailey_axe_minmay_hex_keep, bailey

Skill      XL: |  1  2  3  4  5  6  7  8  9 10 |
---------------+-------------------------------+-----
Axes           | 2 3 4 5 6 8 10 | 10.8
Fighting       | 4 5 6 7 9 |  9.5
Armour         | 4 5 |  5.9
Shields        | 4 |  4.0
Invocations    | 3 |  3.1
Throwing       | |  0.9

Action                     |  1- 3 |  4- 6 |  7- 9 | 10-12 || total
---------------------------+-------+-------+-------+-------++-------
  Melee: War axe           |   104 |   145 |   341 |   118 ||   708
  Throw: Stone             |       |     7 |    20 |    22 ||    49
         Dart              |       |       |    12 |     2 ||    14
         Boomerang         |       |       |       |     3 ||     3
  Evoke: Wand              |       |       |     3 |     4 ||     7
    Use: Scroll            |       |     7 |    10 |     1 ||    18
         Potion            |       |     1 |     1 |     4 ||     6
   Stab: Invisible         |       |       |     1 |       ||     1
 Armour: Scale mail        |    58 |    48 |       |       ||   106
         Plate armour      |       |    39 |   257 |    37 ||   333
  Dodge: Dodged            |    53 |    69 |   138 |    28 ||   288
  Block: Buckler           |    19 |    29 |    73 |    20 ||   141

Table legend: (Time is in decaauts)
 A = Elapsed time spent in this place.
 B = Non-inter-level travel time spent in this place.
 C = Inter-level travel time spent in this place.
 D = Time resting spent in this place.
 E = Time spent auto-exploring this place.
 F = Levels seen in this place.
 G = Mean time per level.
                   A        B        C        D        E       F      G
               +--------+--------+--------+--------+--------+-----+--------+
         Total |   7672 |   7216 |    456 |    224 |   4830 |  11 |  697.5 |
       Dungeon |   6398 |   5984 |    414 |     56 |   4357 |   8 |  799.8 |
        Temple |    225 |    184 |     41 |      0 |    169 |   1 |  225.0 |
         Sewer |    608 |    608 |      0 |      0 |    221 |   1 |  608.0 |
        Bailey |    440 |    440 |      0 |    168 |     83 |   1 |  440.0 |
               +--------+--------+--------+--------+--------+-----+--------+

Top non-repeatable levels by time:
     D:6: 1115 daAuts
     D:3: 1077 daAuts
     D:2: 848 daAuts
     D:7: 846 daAuts
     D:1: 837 daAuts
     D:5: 734 daAuts
     D:4: 651 daAuts
   Sewer: 608 daAuts
  Bailey: 440 daAuts
     D:8: 287 daAuts
  Temple: 225 daAuts
